Map: Ascension to Aiur LE

Players

Elazer - Winner!

  • Race: Zerg Zerg
  • League: Master
  • Spawn Location: 5:00

Minatoeh (Minato)

  • Race: Zerg Zerg
  • League: Master
  • Spawn Location: 11:00

Event: WESG Barcelona European Finals 2017

VOD

Have the link to the VOD?

Description

Time

  • Played on: Nov. 23, 2017, 12:22 p.m.
  • Length: 9:26

All games in this series

Show
View Real Time Build Order
Export as new Build Order

Elazer Zerg - Winner!

Build Orders: Hatch First 

Get SALT Encoding   

  12  0:00  Drone  
  13  0:12  Overlord  
  13  0:17  Drone  
  14  0:30  Drone x2  
  14  0:34  Drone  
  17  0:50  Hatchery  
  17  0:53  Drone  
  17  0:58  Drone  
  18  1:07  Extractor  
  17  1:12  Spawning Pool  
  17  1:14  Drone  
  17  1:18  Drone  
  18  1:27  Drone  
  19  1:39  Overlord  
  19  1:58  Queen  
  19  2:00  Zergling x4  
  23  2:02  Queen  
  23  2:03  Zergling x2  
  23  2:06  Metabolic Boost  
  26  2:11  Drone  
  26  2:13  Drone  
  28  2:24  Drone x2  
  30  2:39  Hatchery  
  30  2:42  Baneling Nest  
  28  2:46  Drone  
  28  2:49  Drone  
  30  2:52  Drone  
  30  2:57  Drone  
  32  3:00  Overlord  
  32  3:08  Drone  
  32  3:11  Zergling x2, Queen  
  36  3:22  Drone  
  36  3:23  Drone  
  36  3:25  Drone x3  
  36  3:26  Drone  
  41  3:31  Baneling  
  41  3:35  Overlord  
  41  3:37  Zergling x2  
  41  3:38  Baneling  
  42  3:41  Queen  
  42  3:44  Baneling  
  43  3:50  Zergling x6  
  43  3:51  Zergling x2  
  43  3:55  Drone x3  
  52  4:02  Drone x2  
  52  4:03  Drone  
  52  4:08  Drone x2  
  55  4:12  Overlord  
  55  4:14  Extractor  
  55  4:15  Extractor  
  55  4:16  Roach Warren  
  52  4:18  Drone  
  52  4:22  Queen  
  50  4:26  Zergling x4  
  50  4:29  Drone  
  50  4:30  Drone  
  54  4:34  Overlord  
  53  4:41  Baneling  
  53  4:43  Zergling x4  
  53  4:44  Zergling x2  
  56  4:51  Zergling x2  
  57  4:57  Roach x7  
  71  5:04  Roach  
  71  5:05  Overlord  
  71  5:06  Overlord  
  71  5:12  Roach x2  
  72  5:23  Roach  
  72  5:25  Roach x5  
  83  5:29  Roach  
  83  5:32  Roach  
  87  5:37  Zergling x2  
  87  5:38  Zergling x2  
  85  5:43  Zergling x2  
  85  5:44  Zergling x6  
  85  5:48  Zergling x2  
  85  5:49  Zergling x4  
  89  5:52  Zergling x2  
  89  6:00  Overlord  
  89  6:02  Baneling x3  
  89  6:03  Baneling x2  
  89  6:09  Zergling x8  
  89  6:12  Zergling x4  
  89  6:18  Baneling  
  89  6:19  Baneling x6  
  86  6:25  Zergling x2  
  86  6:26  Zergling x14  
  86  6:31  Baneling x2  
  93  6:35  Roach x2  
  94  6:45  Roach x5  
  95  6:49  Zergling x6  
  86  6:56  Zergling x6  
  86  6:59  Zergling x4  
  90  7:02  Zergling x2  
  87  7:10  Zergling x6  
  90  7:18  Zergling x6  
  90  7:19  Zergling x2  
  90  7:20  Zergling x2  
  90  7:22  Ravager x2  
  97  7:32  Baneling x6  
  97  7:34  Zergling x2  
  98  7:42  Overlord  
  98  7:49  Overlord  
  98  7:53  Baneling  
  98  7:54  Baneling x5  
  96  7:59  Overlord  
  70  8:18  Zergling x2  
  70  8:19  Zergling x10, Queen x2  
  71  8:24  Zergling x2  
  71  8:26  Ravager  
  77  8:34  Zergling x4  
  79  8:46  Zergling x2  
  79  8:47  Zergling x2  
  66  8:55  Roach  
  66  8:56  Roach  
  65  9:05  Roach  
  65  9:06  Roach  
Show
View Real Time Build Order
Export as new Build Order

Minatoeh Zerg 

Build Orders: Hatch First 

Get SALT Encoding   

  12  0:00  Drone  
  13  0:12  Overlord  
  13  0:17  Drone  
  14  0:30  Drone x2  
  14  0:34  Drone  
  17  0:52  Hatchery  
  17  0:55  Drone  
  17  0:58  Drone  
  18  1:09  Extractor  
  17  1:14  Spawning Pool  
  17  1:17  Drone  
  17  1:19  Drone  
  18  1:28  Drone  
  19  1:40  Overlord  
  19  1:51  Drone  
  20  2:00  Queen  
  20  2:01  Zergling x2  
  23  2:03  Queen  
  23  2:04  Drone  
  26  2:08  Metabolic Boost  
  26  2:11  Drone  
  26  2:15  Drone  
  28  2:21  Drone  
  29  2:29  Drone  
  30  2:33  Drone  
  30  2:36  Queen  
  30  2:37  Drone  
  34  2:40  Evolution Chamber  
  33  2:46  Overlord  
  33  2:49  Drone  
  34  2:53  Drone  
  34  2:58  Drone  
  36  3:01  Spine Crawler  
  35  3:05  Drone  
  35  3:07  Zerg Ground Armor Level 1  
  35  3:09  Zergling x6  
  35  3:12  Zergling x2  
  40  3:15  Zergling x2  
  40  3:16  Zergling x2  
  40  3:18  Zergling x2  
  43  3:26  Zergling x2  
  44  3:27  Overlord  
  44  3:35  Evolution Chamber  
  43  3:41  Zergling x2  
  43  3:47  Hatchery  
  43  3:48  Zergling x4  
  45  3:54  Zergling x4  
  45  3:55  Zergling x4  
  48  3:57  Zergling x2  
  48  4:00  Zergling x2  
  51  4:04  Zerg Melee Weapons Level 1  
  51  4:10  Zergling x2  
  51  4:12  Overlord  
  51  4:22  Zergling x4  
  52  4:25  Overlord x2  
  52  4:31  Zergling x4  
  52  4:32  Zergling x4  
  52  4:33  Zergling x2  
  52  4:37  Zergling x4  
  60  4:49  Zergling x2  
  60  4:50  Zergling x2  
  62  5:04  Zergling x12  
  62  5:05  Zergling x4  
  57  5:15  Zergling x6  
  54  5:24  Zergling x2  
  54  5:26  Zergling x2  
  54  5:27  Zergling x2  
  56  5:32  Zergling x14  
  57  5:43  Zergling x2  
  57  5:44  Zergling x8  
  58  5:52  Zergling x4  
  58  5:55  Zergling x2  
  59  6:01  Zergling x2  
  59  6:02  Zergling x12  
  64  6:09  Zergling x6  
  65  6:14  Zergling x6  
  67  6:23  Roach Warren  
  67  6:25  Zergling x6  
  66  6:30  Zergling x8  
  70  6:35  Zergling x4  
  72  6:40  Zergling x4  
  72  6:45  Zergling x4  
  72  6:46  Zergling x2  
  66  6:49  Zergling x2  
  57  6:55  Zergling x4  
  57  6:56  Zergling x2  
  57  7:00  Zergling x2  
  50  7:14  Roach  
  50  7:15  Roach x3  
  54  7:17  Roach  
  58  7:22  Roach  
  58  7:27  Roach x2  
  62  7:31  Roach  
  62  7:34  Roach  
  66  7:41  Roach x2  
  70  7:45  Roach  
  70  7:49  Roach  
  72  7:53  Roach  
  72  7:56  Roach  
  75  8:03  Roach  
  70  8:07  Zergling x4, Roach  
  70  8:10  Zergling x2  
  61  8:17  Zergling x2  
  61  8:18  Zergling x2  
  54  8:20  Zergling x2  
  55  8:27  Zergling x4  
  55  8:31  Zergling x4, Roach  
  57  8:36  Zergling x4  
  57  8:41  Zergling x2, Roach  
  60  8:47  Zergling x4  
  55  8:53  Zergling x2  
  55  8:54  Zergling x4  
  50  8:57  Zergling x2  
  47  9:06  Zergling x6  
Tags
 
Add a new tag
Caveats
  • Supply blocks, unpowered buildings, or Contaminate may cause inaccurate times.
  • Supply counts are checked every 10 seconds.